 Dungeon Crawl Stone Soup version 0.19.5 (webtiles) character file.

333 Jenk the Shield-Bearer (level 6, -12/88 HPs)
             Began as a Troll Fighter on Mar 27, 2017.
             Was an Initiate of Makhleb.
             Mangled by Menkaure (18 damage)
             ... on level 4 of the Dungeon.
             The game lasted 00:15:27 (1996 turns).

Jenk the Shield-Bearer (Troll Fighter)              Turns: 1996, Time: 00:15:29

Health: -12/88     AC:  5    Str: 32    XL:     6   Next: 27%
Magic:  5/5        EV:  9    Int:  4    God:    Makhleb [......]
Gold:   100        SH: 10    Dex:  9    Spells: 0 memorised, 5 levels left

rFire  . . .     SeeInvis .     e - +2 hand axe (vamp)
rCold  . . .     Gourm    +     s - +0 robe
rNeg   . . .     Faith    .     c - +0 shield
rPois  .         Spirit   .     (helmet restricted)
rElec  .         Reflect  .     (no cloak)
rCorr  +         Harm     .     (gloves unavailable)
MR     .....                    (boots unavailable)
Stlth  ..........               l - amulet of rage
                                (no ring)
                                v - ring of resist corrosion

@: berserking, very quick
A: unfitting armour, claws 3, fast metabolism 3, gourmand, regeneration 1,
shaggy fur 1, tough skin 2
a: Renounce Religion, Evoke Berserk Rage


You were on level 4 of the Dungeon.
You worshipped Makhleb.
Makhleb was noncommittal.
You were completely stuffed.

You visited 1 branch of the dungeon, and saw 4 of its levels.

You collected 100 gold pieces.

Inventory:

Hand Weapons
 a - a +0 war axe
 d - a +2 flail of draining
 e - a +2 vampiric hand axe (weapon)
 j - a +0 hunting sling
 q - a +3 mace
Missiles
 o - 18 poisoned needles
 r - 4 tomahawks (quivered)
Armour
 c - a +0 shield (worn)
 g - a +0 robe
 s - a +0 robe (worn)
Jewellery
 l - an amulet of rage (around neck)
 v - a ring of resist corrosion (left claw)
Wands
 p - a wand of iceblast (7/15)
Scrolls
 k - a scroll of random uselessness
Potions
 h - a potion of flight {unknown}
 t - a potion of agility {unknown}
Comestibles
 b - 12 chunks of flesh
 f - 2 bread rations
 n - a beef jerky


   Skills:
 + Level 2.9 Fighting
 + Level 3.3 Axes
 + Level 0.1 Throwing
 + Level 3.6 Dodging
 + Level 3.9 Shields


You had 5 spell levels left.
You didn't know any spells.

Dungeon Overview and Level Annotations

Branches:
Dungeon (4/15)
 Temple: D:4-7

Altars:
Makhleb
Ru

Annotations:
D:4 Menkaure


Innate Abilities, Weirdness & Mutations

You are too large for most types of armour.
You have claws for hands.
Your metabolism is lightning-fast.
You like to eat raw meat.
Your natural rate of healing is unusually fast.
You are covered in fur. (AC +1)
You have very tough skin. (AC +2)


Message History

Makhleb accepts your kill. Menkaure hits you!
* * * LOW HITPOINT WARNING * * *
Menkaure hits you.
* * * LOW HITPOINT WARNING * * *
You feel better. Menkaure hits you but does no damage.
You block the hound's attack.
You hit Menkaure.
Menkaure is almost destroyed.
You hit the hound.
You feel better. Menkaure hits you!
* * * LOW HITPOINT WARNING * * *
The hound bites you.
* * * LOW HITPOINT WARNING * * *
It was a potion of berserk rage.
A red film seems to cover your vision as you go berserk!
You feel yourself moving faster!
You feel mighty! The hound bites you.
* * * LOW HITPOINT WARNING * * *
Menkaure barely misses you. The hound completely misses you.
Menkaure hits you!!
You die...

#.$......#
#.........
#........#
#........#
#.........
#......#.#
#M........
#.@h...#
#.........
#......#.#
#.##.#.#
#. .# # ..
.# .# # .#


You could see Menkaure and a hound.

Vanquished Creatures
  A water moccasin skeleton (D:3)
  Ijyb (D:3)
  3 orc wizards (D:3)
  4 adders
  4 oozes
  4 worms
  12 dart slugs
  14 orcs (D:3)
  A ball python (D:1)
  3 giant cockroaches
  5 goblins
  6 hobgoblins
  2 jackals (D:1)
  6 bats
  3 frilled lizards
  6 kobolds
  11 rats
  4 plants (D:1)
90 creatures vanquished.

Notes
Turn   | Place    | Note
-------+----------+-------------------------------------------
     0 | D:1      | Jenk the Troll Fighter began the quest for the Orb.
     0 | D:1      | Reached XP level 1. HP: 22/22 MP: 0/0
   324 | D:1      | Reached XP level 2. HP: 25/29 MP: 1/1
   500 | D:2      | Reached XP level 3. HP: 36/36 MP: 2/2
   966 | D:2      | Found a sacrificial altar of Ru.
  1004 | D:2      | Reached XP level 4. HP: 38/44 MP: 3/3
  1096 | D:3      | Noticed Ijyb
  1127 | D:3      | Killed Ijyb
  1281 | D:3      | Reached XP level 5. HP: 43/50 MP: 4/4
  1477 | D:3      | Found a burning altar of Makhleb.
  1477 | D:3      | Noticed a cacodemon
  1482 | D:3      | Noticed an orange demon
  1482 | D:3      | Noticed an orange demon
  1484 | D:3      | Became a worshipper of Makhleb the Destroyer
  1844 | D:3      | Reached XP level 6. HP: 50/59 MP: 5/5
  1987 | D:4      | Noticed Menkaure
  1996 | D:4      | Mangled by Menkaure

Skill      XL: |  1  2  3  4  5 |
---------------+----------------+-----
Axes           | 2 3 |  3.3
Dodging        | 3 |  3.6
Shields        | 3 |  3.9
Fighting       | |  2.9
Throwing       | |  0.1

Action                   |  1- 3 |  4- 6 || total
-------------------------+-------+-------++-------
Melee: War axe           |   102 |       ||   102
       Hand axe          |    82 |   148 ||   230
Throw: Tomahawk          |       |     4 ||     4
 Abil: Evoke Berserk Rag |       |     1 ||     1
  Use: Scroll            |     2 |     2 ||     4
       Potion            |       |     5 ||     5
  Eat: Chunk             |    19 |    12 ||    31
Armor: Robe              |    45 |    51 ||    96
Dodge: Dodged            |    51 |    59 ||   110
Block: Shield            |    65 |    70 ||   135
